 Dungeon Crawl Stone Soup version 0.31.0-1-g2c135a0 (webtiles) character file.

Game seed: 155901809517500882

7 bonegar the Sneak (level 2, -1/22 HPs)
             Began as a Naga Enchanter on Jan 26, 2024.
             Slain by a jackal (3 damage)
             ... on level 1 of the Dungeon.
             The game lasted 00:03:32 (211 turns).

bonegar the Sneak (Naga Enchanter)                   Turns: 211, Time: 00:03:33

Health: -1/22      AC:  1    Str: 10    XL:     2   Next: 4%
Magic:  5/5        EV:  9    Int: 21    God:
Gold:   16         SH:  0    Dex: 11    Spells: 5/5 levels left

rFire   . . .        a - +1 dagger
rCold   . . .        (no shield)
rNeg    . . .        b - +0 robe
rPois   +            (no helmet)
rElec   .            (no cloak)
rCorr   .            (no gloves)
SInv    +            (no barding)
Will    .....        (no amulet)
Stlth   +++          e - +6 ring of intelligence
HPRegen 0.23/turn    (no ring)
MPRegen 0.09/turn

%: no passive effects
@: invisible (expiring), very slow
A: AC +0, large, see invisible, deformed body, poison resistance, slowness 2,
spit poison 1, naga tail 1
a: Spit Poison


You were on level 1 of the Dungeon.
You visited 1 branch of the dungeon, and saw 1 of its levels.

You collected 16 gold pieces.

Inventory:

Hand Weapons
 a - a +1 dagger (weapon)
Armour
 b - a +0 robe (worn)
Magical Staves
 f - a staff of earth
Jewellery
 e - a +6 ring of intelligence (left hand)
Scrolls
 d - a scroll of identify {unknown}
Potions
 c - a potion of invisibility


   Skills:
 + Level 1.4 Short Blades
 + Level 1.5 Dodging
 + Level 4.6 Stealth
 + Level 2.0 Spellcasting
 + Level 3.1 Hexes


You had 5 spell levels left.
You didn't know any spells.
Your spell library contained the following spells:

 Spells                   Type           Power      Damage    Failure   Level
 Ensorcelled Hibernation  Hex/Ice        16%        N/A       12%         2
 Confusing Touch          Hex            15%        N/A       12%         3
 Tukima's Dance           Hex            15%        N/A       12%         3
 Dazzling Flash           Conj/Hex       16%        N/A       22%         3


Dungeon Overview and Level Annotations

Branches:
Dungeon (1/15)

Altars:


Innate Abilities, Weirdness & Mutations

Your serpentine skin is tough. (AC +0)
You have supernaturally acute eyesight. (SInv)
Armour fits poorly on your strangely shaped body.
Your system is resistant to poisons. (rPois)
You cover ground very slowly.
You can spit poison.
You have a snake-like lower body.


Message History

You catch the helpless jackal completely off-guard!
You puncture the jackal!
You kill the jackal!
The jackal bites you but does no damage.
The jackal misses you. The jackal barely misses you.
The kobold hits you with a +0 dagger.
You have reached level 2!
You hit the kobold but do no damage. The jackal barely misses you. x2
You hit the jackal but do no damage.
The kobold shouts!
The jackal bites you but does no damage. x3
You closely miss the jackal. The jackal bites you. x2
You hit the kobold but do no damage. The jackal misses you.
The kobold barely misses you.
The jackal bites you but does no damage.
The jackal barely misses you.
You hit the kobold.
The kobold is moderately wounded.
The jackal barely misses you. The kobold hits you with a +0 dagger.
The jackal closely misses you. x2
You hit the kobold but do no damage.
The kobold is moderately wounded.
The kobold barely misses you.
The jackal bites you but does no damage.
You closely miss the jackal. The jackal closely misses you.
The jackal barely misses you. The kobold hits you with a +0 dagger.
* * * LOW HITPOINT WARNING * * *
The jackal bites you.
* * * LOW HITPOINT WARNING * * *
The jackal bites you.
* * * LOW HITPOINT WARNING * * *
Found a stone staircase leading down.
You hit the jackal but do no damage.
You flicker for a moment.
The jackal bites you but does no damage.
You catch the helpless kobold completely off-guard!
You puncture the kobold!
You kill the kobold!
The jackal bites you.
You die...

######.......
#...........>
#............
#............
#............
######............
#.............(...
#........h@.......
#?.......h).######
#...........#
#...........#
#.........###
#.........#
........)..#
#..........### .. #
##..###......###...


You could see 2 jackals.

Vanquished Creatures
  An endoplasm (D:1)
  A giant cockroach (D:1)
  A hobgoblin (D:1)
  A jackal (D:1)
  A frilled lizard (D:1)
  2 kobolds (D:1)
  A rat (D:1)
8 creatures vanquished.

Notes
Turn   | Place    | Note
-------+----------+-------------------------------------------
     0 | D:1      | bonegar the Naga Enchanter began the quest for the Orb.
     0 | D:1      | Reached XP level 1. HP: 15/15 MP: 3/3
   200 | D:1      | Reached XP level 2. HP: 9/22 MP: 5/5
   208 | D:1      | HP: 1/22 [jackal (2)]
   211 | D:1      | Slain by a jackal

Illustrated notes

Levels and vault maps discovered:
D:1:      evilmike_arrival_rings, layout_basic,
          dreamdust_ecumenical_altar_drowned_temple

Action                     || total
---------------------------++-------
  Melee: Dagger            ||    37
    Use: Potion            ||     2
   Stab: Invisible         ||     3
 Armour: Robe              ||    31
  Dodge: Dodged            ||    37
